 Dungeon Crawl Stone Soup version 0.21-a0-633-g4c047d5f35 (webtiles) character file.

73 4tharraofdagon the Charlatan (level 4, -11/36 HPs)
             Began as a Centaur Artificer on Dec 28, 2017.
             Mangled by a wyvern (17 damage)
             ... on level 4 of the Dungeon.
             The game lasted 00:02:15 (361 turns).

4tharraofdagon the Charlatan (Centaur Artificer)     Turns: 361, Time: 00:02:16

Health: -11/36     AC:  4    Str: 15    XL:     4   Next: 8%
Magic:  7/7        EV:  9    Int: 16    God:
Gold:   62         SH:  0    Dex:  9    Spells: 3/3 levels left

rFire    . . .     SeeInvis .   a - +0 short sword
rCold    . . .     Gourm    .   (no shield)
rNeg     . . .     Faith    .   b - +0 leather armour
rPois    .         Spirit   .   (no helmet)
rElec    .         Reflect  +   (no cloak)
rCorr    .         Harm     .   (no gloves)
MR       .....                  (no barding)
Stlth    ..........             h - +3 amulet of reflection
HPRegen  0.12/turn              (no ring)
MPRegen  0.10/turn              (no ring)

@: confused, brilliant, lethally poisoned (-11 -> -23), very quick
A: large, hooves 3, deformed body, speed 2, tough skin 3
a: no special abilities


You were on level 4 of the Dungeon.
You were not hungry.

You visited 1 branch of the dungeon, and saw 4 of its levels.

You collected 62 gold pieces.

Inventory:

Hand Weapons
 a - a +0 short sword (weapon)
Armour
 b - a +0 leather armour (worn)
Jewellery
 h - a +3 amulet of reflection (around neck)
Wands
 c - a wand of flame (9)
 d - a wand of enslavement (14)
 e - a wand of random effects (8)
Scrolls
 g - a scroll of random uselessness {unknown}
 k - a scroll of blinking {unknown}
Potions
 i - a potion of berserk rage {unknown}
 j - a potion of agility {unknown}
 m - a potion of ambrosia
Comestibles
 f - 2 rations


   Skills:
 + Level 2.2 Fighting
 - Level 0.8 Short Blades
 - Level 1.3 Dodging
 - Level 0.4 Stealth
 - Level 4.0 Evocations


You had 3 spell levels left.
You didn't know any spells.

Dungeon Overview and Level Annotations

Branches:
Dungeon (4/15)
 Temple: D:4-7

Altars:
Wu Jian

Annotations:
D:4 1 transporter


Innate Abilities, Weirdness & Mutations

You have hooves in place of feet.
Armour fits poorly on your strangely shaped body.
You cover ground very quickly.
You have extremely tough skin. (AC +3)


Message History

The killer bee poisons you!
Unknown command.
Unknown command.
You feel sick.
Unknown command.
Unknown command.
It was a potion of ambrosia.
You are confused.
You feel invigorated.
You feel sick.
The killer bee stings you but does no damage.
The killer bee stings you.
* * * LOW HITPOINT WARNING * * *
You are lethally poisoned!
The killer bee poisons you!
It was a potion of brilliance.
You feel clever all of a sudden.
You feel sick. The killer bee stings you.
* * * LOW HITPOINT WARNING * * *
The wyvern bites you!
You die...

########## #.##.###..#
#........# ####........###.
#........###...............
#...<.........)............
#............©........#..##
#........#########...$.....
#######.##8$$_.$8##.†.#####
#)#..$!$[$..#....##
#.#)@#...#(.#.....###
#.#l#y....#.#........
#.#©.....(..#...#....
#.#.#.o...#.#.#.#....
#.#..#.©.#..#)#......
#.#.........#.#......
#.##8.....8##.#......
#..#########Z........
##.....©...a.#.......


You could see a wyvern, a killer bee and an orc.

Vanquished Creatures
  A hound (D:4)
  A worker ant (D:4)
  A worm (D:3)
  2 orcs (D:4)
  A bat (D:2)
  A giant cockroach (D:4)
  A hobgoblin (D:1)
  3 jackals (D:4)
  2 ball pythons
  A frilled lizard (D:2)
  3 rats
17 creatures vanquished.

Vanquished Creatures (collateral kills)
  An orc (D:3)
1 creature vanquished.

Vanquished Creatures (others)
  Jessica (D:3)
1 creature vanquished.

Grand Total: 19 creatures vanquished

Notes
Turn   | Place    | Note
-------+----------+-------------------------------------------
     0 | D:1      | 4tharraofdagon the Centaur Artificer began the quest for the Orb.
     0 | D:1      | Reached XP level 1. HP: 16/16 MP: 2/2
    54 | D:2      | Reached skill level 3 in Evocations
   154 | D:3      | Noticed Jessica
   165 | D:3      | Reached XP level 2. HP: 18/23 MP: 4/4
   175 | D:3      | Your ally died
   208 | D:4      | Found a transporter.
   208 | D:4      | Noticed a phantom
   210 | D:4      | Found an ornate altar of the Wu Jian Council.
   210 | D:4      | Noticed a killer bee
   212 | D:4      | Noticed a wyvern
   232 | D:4      | Reached skill level 4 in Evocations
   232 | D:4      | Reached XP level 3. HP: 23/28 MP: 4/6
   297 | D:4      | Reached XP level 4. HP: 12/36 MP: 7/7
   306 | D:4      | Found a transporter.
   341 | D:4      | Noticed an ogre
   361 | D:4      | Mangled by a wyvern

Vault maps used:
D:1:      minmay_arrival_diagonal_passages, feat_on_display
D:2:      cheibrodos_pilgrimage, zin_purify, glass_columns_a, minmay_lizard_king
D:3:      old_standard_altar, uniq_jessica
D:4:      gammafunk_temple_overflow_arena, tso_oasis_becter, first_ration

Skill      XL: |  1  2  3 |
---------------+----------+-----
Evocations     | 3 4 |  4.0
Fighting       | 2 |  2.2
Short Blades   | |  0.8
Dodging        | |  1.3
Stealth        | |  0.4

Action                   |  1- 3 |  4- 6 || total
-------------------------+-------+-------++-------
Melee: Short sword       |    47 |     4 ||    51
       Kick              |     5 |     1 ||     6
Evoke: Wand              |    10 |     4 ||    14
  Use: Potion            |       |     2 ||     2
Armor: Leather armour    |    11 |     2 ||    13
Dodge: Dodged            |    20 |     1 ||    21
Block: Other             |     3 |       ||     3

Table legend:
 A = Spawn XP
 B = Non-spawn XP
 C = Spawn XP percentage of total XP
 D = Spawn monster count
 E = Non-spawn monster count
 F = Spawn count percentage of total count
 G = Total turns spent on level
                    A         B        C        D         E        F      G
               +---------+---------+-------+---------+---------+-------+---------
         Total |       0 |     105 |   0.0 |       0 |      18 |   0.0 |   361
               +---------+---------+-------+---------+---------+-------+---------
           D:1 |       0 |       3 |   0.0 |       0 |       2 |   0.0 |    35
           D:2 |       0 |       5 |   0.0 |       0 |       4 |   0.0 |    40
           D:3 |       0 |       9 |   0.0 |       0 |       4 |   0.0 |   133
           D:4 |       0 |      88 |   0.0 |       0 |       8 |   0.0 |   153
               +---------+---------+-------+---------+---------+-------+---------

Vault maps used:
D:1:      minmay_arrival_diagonal_passages, feat_on_display
D:2:      cheibrodos_pilgrimage, zin_purify, glass_columns_a, minmay_lizard_king
D:3:      old_standard_altar, uniq_jessica
D:4:      gammafunk_temple_overflow_arena, tso_oasis_becter, first_ration
